 Dungeon Crawl Stone Soup version 0.19.0 (webtiles) character file.

2080 AlphabetPasta the Covert (level 9, -1/39 HPs)
             Began as a Spriggan Necromancer on Nov 6, 2016.
             Was a Believer of Dithmenos.
             Slain by a hill giant
             ... wielding a +0 giant club
              (27 damage)
             ... on level 6 of the Dungeon on Nov 7, 2016.
             The game lasted 00:44:34 (7890 turns).

AlphabetPasta the Covert (Spriggan Necromancer)     Turns: 7890, Time: 00:44:35

Health: -1/39      AC:  3    Str:  4    XL:     9   Next: 6%
Magic:  0/19       EV: 23    Int: 18    God:    Dithmenos [**....]
Gold:   189        SH:  0    Dex: 18    Spells: 4 memorised, 12 levels left

rFire  + . .     SeeInvis +     j - +1 dagger
rCold  + . .     Gourm    .     s - +0 robe {rF+}
rNeg   . . .     Faith    .     (shield restricted)
rPois  .         Spirit   .     (helmet restricted)
rElec  .         Reflect  .     n - +0 cloak (curse)
rCorr  .         Harm     .     (gloves unavailable)
MR     +....                    (boots unavailable)
Stlth  +++++.....               (no amulet)
                                (no ring)
                                g - ring of protection from cold

@: wreathed by umbra, very quick
A: unfitting armour, see invisible, herbivore 3, speed 3, slow metabolism 2
a: Shadow Step, Renounce Religion


You were on level 6 of the Dungeon.
You worshipped Dithmenos.
Dithmenos was pleased with you.
You were not hungry.

You visited 1 branch of the dungeon, and saw 6 of its levels.
You also visited: Sewer.

You collected 310 gold pieces.
You spent 121 gold pieces at shops.

Inventory:

Hand Weapons
 j - a +1 dagger (weapon)
Armour
 a - a +1 robe
 n - a cursed +0 cloak (worn)
 s - a +0 robe of fire resistance (worn)
Jewellery
 g - a ring of protection from cold (left hand)
Wands
 q - a wand of lightning (0/15)
Scrolls
 d - a scroll of teleportation
 h - a scroll of fog
 o - 5 scrolls of remove curse
 t - a scroll of recharging {unknown}
 u - a scroll of fear {unknown}
Potions
 e - 3 potions of curing
 f - 2 potions of invisibility {unknown}
 k - 2 potions of haste
 l - a potion of heal wounds
 m - a potion of brilliance
 p - a potion of flight {unknown}
 r - a potion of cancellation {unknown}
Books
 b - a book of Necromancy

   Spells                             Type                      Level
   a - Pain                           Necromancy                   1
   b - Animate Skeleton               Necromancy                   1
   c - Vampiric Draining              Necromancy                   3
   d - Regeneration                   Charms/Necromancy            3
   e - Animate Dead                   Necromancy                   4
   f - Control Undead                 Necromancy                   4
Comestibles
 c - 6 bread rations
 i - 6 fruits


   Skills:
 + Level 5.3 Short Blades
 + Level 7.2 Dodging
 + Level 8.2 Stealth
 + Level 6.1 Spellcasting
 + Level 5.6 Necromancy
 + Level 3.5 Invocations
 + Level 4.4 Evocations


You had 12 spell levels left.
You knew the following spells:

 Your Spells              Type           Power        Failure   Level  Hunger
a - Pain                  Necr           ####         1%          1    None
b - Animate Skeleton      Necr           N/A          1%          1    None
c - Vampiric Draining     Necr           ####......   3%          3    ##.....
d - Regeneration          Chrm/Necr      ###.......   14%         3    ##.....


Dungeon Overview and Level Annotations

Branches:
Dungeon (6/15)             Temple (0/1) D:6

Altars:
Dithmenos
Fedhas
Kikubaaqudgha
Trog
The Shining One

Shops:
D:6 [

Annotations:
D:4 dalord0's ghost, amateur HOFi


Innate Abilities, Weirdness & Mutations

You are very small and have problems with some larger weapons.
You are too small for most types of armour.
You have supernaturally acute eyesight. (SInv)
You are a herbivore.
You cover ground extremely quickly.
You need consume almost no food.


Message History

Press: ? - help, Shift-Dir - straight line, f/p - hill giant
Aim: a hill giant, wielding a giant club (almost dead, umbra, chance to defeat MR: 71%)
The hill giant struggles to resist.
Casting: Pain
Confirm with . or Enter, or press ? or * to list all spells.
Aiming: Pain
Press: ? - help, Shift-Dir - straight line, f/p - hill giant
Aim: a hill giant, wielding a giant club (severely wounded, chance to defeat MR: 71%)
The hill giant writhes in agony!
Casting: Pain
Confirm with . or Enter, or press ? or * to list all spells.
Aiming: Pain
Press: ? - help, Shift-Dir - straight line, f/p - hill giant
Aim: a hill giant, wielding a giant club (almost dead, umbra, chance to defeat MR: 71%)
The hill giant struggles to resist.
You hit the hill giant but do no damage.
The hill giant is almost dead.
The hill giant hits you with a giant club!!
Ouch! That really hurt!
You die...

###.#####.#.#.# #.# #.#####.#.#.
.#.######.#.#.####.###.######....
#.[O...##..........#....(......#.
##(###.####.#.#####...........#..
#.# #.# #.#^#####....######.#..
#.# #.# #..........#.######.#..
##.# #.# #.#.#####.#.........#..
..(# #.####.#######..###Z........
#### #.........C@.>.## #.####.#..
# ############.### #Z# #.#.. #
#.# #.# #.>.. # #.# #.# ###.# #
#.# #.# #.# # #.######.######.# #
#.#.............. #
#.#...........#.. #
#.#..............


You could see a hill giant.

Vanquished Creatures
  Pikel (D:5)
  A sky beast (D:5)
  Purgy (Sewer)
  An ice beast (D:5)
  3 ogres (D:4)
  A centaur (D:6)
  A bullfrog (D:6)
  2 water moccasin skeletons
  2 scorpions
  7 orc wizards
  A centaur skeleton (D:4)
  2 orc priests
  2 hounds
  2 iguanas
  4 worker ants
  A hound skeleton (D:6)
  3 adders
  A shadow imp (D:5)
  2 oozes
  An adder zombie (D:5)
  2 worms
  A dart slug (D:3)
  7 leopard geckos
  23 orcs
  4 bats
  10 giant cockroaches
  9 goblins
  10 hobgoblins
  A jackal (D:6)
  11 kobolds
  3 quokkas
  3 ball pythons
  7 frilled lizards
  7 rats
137 creatures vanquished.

Vanquished Creatures (collateral kills)
  A phantom (D:5)
  A crimson imp (D:5)
  A worm (D:2)
  An orc (D:5)
  A giant cockroach (D:5)
  A goblin (D:2)
6 creatures vanquished.

Vanquished Creatures (others)
  A crimson imp (D:5)
1 creature vanquished.

Grand Total: 144 creatures vanquished

Notes
Turn   | Place    | Note
-------+----------+-------------------------------------------
     0 | D:1      | AlphabetPasta the Spriggan Necromancer began the quest for the Orb.
     0 | D:1      | Reached XP level 1. HP: 9/9 MP: 5/5
    47 | D:1      | Learned a level 1 spell: Animate Skeleton
   326 | D:1      | Reached XP level 2. HP: 7/13 MP: 2/6
  1366 | D:2      | Reached XP level 3. HP: 5/16 MP: 2/8
  1513 | D:2      | Learned a level 3 spell: Vampiric Draining
  1615 | D:2      | Reached skill level 4 in Stealth
  1645 | D:2      | Reached skill level 1 in Short Blades
  1793 | D:2      | Found a bloodstained altar of Trog.
  2048 | D:3      | Learned a level 3 spell: Vampiric Draining
  2142 | D:3      | Reached XP level 4. HP: 18/21 MP: 0/9
  2429 | D:3      | Found a glowing drain.
  2435 | Sewer    | Entered a sewer
  2701 | Sewer    | Noticed Purgy
  2724 | Sewer    | Killed Purgy
  2724 | Sewer    | Reached skill level 5 in Stealth
  2724 | Sewer    | Reached XP level 5. HP: 20/24 MP: 0/11
  3109 | D:3      | Found a blossoming altar of Fedhas.
  3109 | D:3      | Found a faded altar of an unknown god.
  3114 | D:3      | Found a faded altar of an unknown god.
  3125 | D:3      | Found a faded altar of an unknown god.
  3127 | D:3      | Found a shadowy altar of Dithmenos.
  3242 | D:3      | Became a worshipper of Dithmenos the Shadowed
  3304 | D:3      | Found a glowing golden altar of the Shining One.
  3527 | D:3      | Reached XP level 6. HP: 13/28 MP: 8/12
  4145 | D:4      | Reached skill level 1 in Invocations
  4456 | D:4      | Reached skill level 1 in Evocations
  4465 | D:5      | Entered Level 5 of the Dungeon
  4631 | D:4      | HP: 1/28 [phantom (10)]
  4912 | D:5      | Found a glowing golden altar of the Shining One.
  4915 | D:5      | Found a bloodstained altar of Trog.
  4918 | D:5      | Found an ancient bone altar of Kikubaaqudgha.
  4945 | D:5      | Noticed a slave
  4946 | D:5      | Noticed Pikel
  5149 | D:5      | Noticed a slave
  5204 | D:5      | Reached skill level 5 in Dodging
  5250 | D:5      | Reached XP level 7. HP: 21/32 MP: 14/14
  5358 | D:4      | Reached skill level 6 in Stealth
  5363 | D:4      | Learned a level 3 spell: Regeneration
  5565 | D:4      | Reached * piety under Dithmenos
  5695 | D:4      | Noticed dalord0's ghost (amateur HOFi)
  5721 | D:4      | Reached skill level 5 in Spellcasting
  5766 | D:4      | Reached skill level 5 in Necromancy
  6070 | D:5      | Reached XP level 8. HP: 36/36 MP: 14/16
  6227 | D:5      | Killed Pikel
  6227 | D:5      | Reached skill level 7 in Stealth
  6772 | D:6      | Reached skill level 5 in Short Blades
  6838 | D:6      | Noticed a hill giant
  6923 | D:6      | Reached skill level 8 in Stealth
  7054 | D:6      | Found Votyixu's Antique Armour Shop.
  7059 | D:6      | Bought a cloak for 121 gold pieces
  7405 | D:6      | Found a staircase to the Ecumenical Temple.
  7474 | D:6      | Reached XP level 9. HP: 28/39 MP: 7/19
  7628 | D:6      | Reached ** piety under Dithmenos
  7890 | D:6      | Slain by a hill giant

Skill      XL: |  1  2  3  4  5  6  7  8 |
---------------+-------------------------+-----
Stealth        | 4 5 6 8 |  8.2
Short Blades   | 1 2 3 4 5 |  5.3
Spellcasting   | 3 4 5 6 |  6.1
Dodging        | 4 5 7 |  7.2
Necromancy     | 4 5 |  5.6
Invocations    | 1 2 3 |  3.5
Evocations     | 1 3 4 |  4.4

Action                   |  1- 3 |  4- 6 |  7- 9 || total
-------------------------+-------+-------+-------++-------
Melee: Unarmed           |     3 |       |       ||     3
       Dagger            |    54 |   234 |   169 ||   457
 Cast: Pain              |    61 |    66 |    84 ||   211
       Animate Skeleton  |    12 |     5 |    10 ||    27
       Vampiric Draining |     5 |     5 |    17 ||    27
Evoke: Wand              |       |     4 |     3 ||     7
  Use: Scroll            |     4 |     3 |     1 ||     8
       Potion            |       |    10 |       ||    10
 Stab: Sleeping          |     7 |    15 |    12 ||    34
       Distracted        |       |     3 |       ||     3
  Eat: Fruit             |       |     4 |     2 ||     6
       Pizza             |       |       |     1 ||     1
Armor: Robe              |     3 |    17 |     9 ||    29
Dodge: Dodged            |    60 |   222 |   164 ||   446
